 Dungeon Crawl Stone Soup version 0.17-a0-877-ga10078a (webtiles) character file.

226 patman the Insei (level 5, 0/41 HPs)
             Began as a Demonspawn Monk on Apr 30, 2015.
             Was a Believer of Makhleb.
             Slain by Edmund
             ... wielding a +0 flail of protection
              (6 damage)
             ... on level 4 of the Dungeon.
             The game lasted 00:05:07 (2428 turns).

patman the Insei (Demonspawn Monk)                  Turns: 2428, Time: 00:05:07

Health: 0/41       AC:  8    Str: 11    XL:     5   Next: 69%
Magic:  5/5        EV:  5    Int: 11    God:    Makhleb [**....]
Gold:   164        SH:  0    Dex: 17    Spells: 0 memorised, 4 levels left

rFire  . . .     SeeInvis .       - Unarmed
rCold  . . .     Clarity  .     f - +0 chain mail (curse)
rNeg   . . .     SustAb   .     (no shield)
rPois  .         Gourm    .     (no helmet)
rElec  .         Spirit   .     (no cloak)
rCorr  +         Warding  .     (no gloves)
rMut   .         Stasis   .     (no boots)
MR     .....                    c - amulet of resist corrosion
Stlth  ..........               (no ring)
                                (no ring)

@: not resistant to hostile enchantments, extremely unstealthy
A: hooves 1, powered by death 1
a: Minor Destruction, Renounce Religion


You were on level 4 of the Dungeon.
You worshipped Makhleb.
Makhleb was pleased with you.
You were hungry.

You visited 1 branch of the dungeon, and saw 4 of its levels.

You collected 164 gold pieces.

Inventory:

Armour
 a - a +0 robe
 f - a cursed +0 chain mail (worn)
Jewellery
 c - an amulet of resist corrosion (around neck)
Magical devices
 k - a wand of enslavement (13)
 t - a wand of flame (24)
Scrolls
 d - a scroll of blinking {unknown}
 g - a scroll of fog {unknown}
 h - 2 scrolls of teleportation {unknown}
 i - a scroll of remove curse {unknown}
 l - a scroll of fear {unknown}
 m - a scroll of magic mapping {unknown}
 s - a scroll of identify {unknown}
Potions
 e - 2 potions of curing {unknown}
 n - a potion of berserk rage {unknown}
 o - 2 potions of resistance {unknown}
 p - a potion of might {unknown}
 q - 2 potions of poison {unknown}
 r - a potion of cure mutation {unknown}
Comestibles
 b - 2 bread rations
 j - 2 meat rations


   Skills:
 - Level 3.0 Fighting
 - Level 2.6 Dodging
 - Level 1.7 Stealth
 + Level 6.4 Unarmed Combat


You had 4 spell levels left.
You didn't know any spells.

Dungeon Overview and Level Annotations

Branches:
Dungeon (4/15)             Temple (0/1) D:4

Altars:
Makhleb
Nemelex Xobeh

Annotations:
D:4 Edmund


Innate Abilities, Weirdness & Mutations

You have large cloven feet.
You can steal the life force of nearby defeated enemies.


Message History

You hit Edmund.
Edmund is lightly wounded.
Edmund closely misses you.
You hit Edmund.
Edmund is lightly wounded.
Edmund hits you with a flail of protection.
* * * LOW HITPOINT WARNING * * *
You hit Edmund but do no damage.
Edmund is lightly wounded.
Edmund hits you with a flail of protection.
* * * LOW HITPOINT WARNING * * *
You barely miss Edmund.
Edmund is lightly wounded.
You hit Edmund but do no damage. Your kick misses Edmund.
Edmund is lightly wounded.
Edmund hits you but does no damage.
You hit Edmund but do no damage. You kick Edmund, but do no damage.
Edmund is lightly wounded.
Edmund hits you with a flail of protection.
You die...

#.>......#
#........#
#........#
#...P....#
#.....P..#
#..†..>..#
#........#
###.....P####..#
#.....@@....#
#############


You could see Edmund.

Vanquished Creatures
  A crimson imp (D:2)
  Natasha (D:3)
  7 gnolls
  3 adders (D:3)
  An ooze (D:3)
  3 worms
  A giant gecko (D:2)
  An orc (D:3)
  9 bats
  5 giant cockroaches
  5 hobgoblins
  7 kobolds
  A quokka (D:3)
  3 giant newts
  8 goblins
  6 rats
62 creatures vanquished.

Notes
Turn   | Place    | Note
--------------------------------------------------------------
     0 | D:1      | patman, the Demonspawn Monk, began the quest for the Orb.
     0 | D:1      | Reached XP level 1. HP: 18/18 MP: 1/1
   171 | D:1      | Reached skill level 4 in Unarmed Combat
   177 | D:1      | Gained mutation: You can steal the life force of nearby defeated enemies. [demonic ancestry]
   177 | D:1      | Reached XP level 2. HP: 16/24 MP: 2/2
   937 | D:2      | Reached XP level 3. HP: 27/29 MP: 3/3
   957 | D:2      | Found a sparkling altar of Nemelex Xobeh.
  1221 | D:2      | Reached skill level 5 in Unarmed Combat
  1296 | D:2      | Found a burning altar of Makhleb.
  1310 | D:2      | Became a worshipper of Makhleb the Destroyer
  1310 | D:2      | Acquired Makhleb's first power
  1310 | D:2      | Acquired Makhleb's second power
  1377 | D:2      | Reached XP level 4. HP: 9/35 MP: 4/4
  1758 | D:3      | Gained mutation: You have large cloven feet. [demonic ancestry]
  1758 | D:3      | Reached XP level 5. HP: 24/41 MP: 5/5
  1917 | D:3      | Reached skill level 6 in Unarmed Combat
  2087 | D:3      | Noticed Natasha
  2095 | D:3      | Killed Natasha
  2378 | D:4      | Found a staircase to the Ecumenical Temple.
  2398 | D:4      | Noticed Edmund
  2428 | D:4      | Slain by Edmund

Action                   |  1- 3 |  4- 6 || total
-------------------------+-------+-------++-------
Melee: Unarmed           |   202 |   138 ||   340
  Eat: Bread ration      |     1 |       ||     1
